 Dungeon Crawl Stone Soup version 0.31-a0-459-gc8a9bf3d51 (webtiles) character file.

Game seed: 4729534470368988030

61 Nedwor the Ruffian (level 3, -5/33 HPs)
             Began as a Troll Shapeshifter on Aug 4, 2023.
             Slain by a hobgoblin (6 damage)
             ... led by Robin
             ... on level 2 of the Dungeon.
             The game lasted 00:01:41 (1359 turns).

Nedwor the Ruffian (Troll Shapeshifter)             Turns: 1359, Time: 00:01:42

Health: -5/33      AC:  4    Str: 25    XL:     3   Next: 83%
Magic:  2/2        EV: 10    Int:  4    God:
Gold:   98         SH:  0    Dex: 10    Spells: 2/2 levels left

rFire   . .          .
                       - Unarmed
rCold   . . .        (no shield)
rNeg    . . .        a - +0 animal skin
rPois   .            (helmet restricted)
rElec   .            (no cloak)
rCorr   .            (gloves unavailable)
SInv    .            (boots unavailable)
Will    .....        (no amulet)
Stlth   +            (no ring)
HPRegen 1.05/turn    (no ring)
MPRegen 0.08/turn

%: no passive effects
@: no status effects
A: large, unfitting armour, claws 3, regeneration 1, shaggy fur 1, tough skin 1
a: no special abilities


You were on level 2 of the Dungeon.
You visited 1 branch of the dungeon, and saw 2 of its levels.

You collected 98 gold pieces.

Inventory:

Armour
 a - a +0 animal skin (worn)
Jewellery
 h - an amulet of magic regeneration
Talismans
 c - a beast talisman
Scrolls
 e - a scroll of immolation {unknown}
 f - a scroll of teleportation {unknown}
 g - a scroll of identify {unknown}
 i - a scroll of enchant armour {unknown}
Potions
 b - a potion of lignification
 d - a potion of heal wounds {unknown}
 j - a potion of attraction {unknown}


   Skills:
 + Level 1.5 Fighting
 + Level 2.2 Dodging
 + Level 3.4 Unarmed Combat
 + Level 3.3 Shapeshifting


You had 2 spell levels left.
You didn't know any spells.
Your spell library was empty.

Dungeon Overview and Level Annotations

Branches:
Dungeon (2/15)

Altars:

Shops:
D:2 [

Annotations:
D:2 Jessica, Robin


Innate Abilities, Weirdness & Mutations

You are too large for most types of armour.
You have claws for hands.
Your natural rate of healing is unusually fast.
You are covered in fur. (AC +1)
You have tough skin. (AC +1)


Message History

You claw the goblin!
You kill the goblin!
Robin throws the goblin at you!
Jessica casts a spell.
Jessica seems to speed up.
The goblin hits you with a +0 club.
You closely miss the goblin. The goblin barely misses you.
The goblin closely misses you.
Unknown command.
You claw the goblin!
You kill the goblin!
The hobgoblin no longer looks unusually strong. x2
The goblin hits you but does no damage.
You closely miss the hobgoblin.
The hobgoblin no longer looks unusually strong.
The goblin hits you with a +0 club.
* * * LOW HITPOINT WARNING * * *
The hobgoblin barely misses you.
Unknown command.
You claw the hobgoblin!
You kill the hobgoblin!
Jessica shouts, "You're disturbing me!
I'll have to kill you!" The goblin barely misses you.
You closely miss the hobgoblin. The goblin hits you with a +0 club.
* * * LOW HITPOINT WARNING * * *
Robin roars a battlecry!
The hobgoblins go into a battle-frenzy!
The hobgoblin closely misses you.
You barely miss the hobgoblin. The goblin barely misses you.
The hobgoblin hits you.
* * * LOW HITPOINT WARNING * * *
You barely miss the hobgoblin.
The goblin no longer looks unusually strong.
The goblin hits you with a +0 club.
* * * LOW HITPOINT WARNING * * *
The hobgoblin hits you.
* * * LOW HITPOINT WARNING * * *
You closely miss the hobgoblin. The goblin hits you with a +0 club.
* * * LOW HITPOINT WARNING * * *
The hobgoblin hits you.
You die...

..........##[.÷÷............#
#######...###....÷..........# #
#.......##............#
#######†..######.#...#.####.#####
.....................#...##....#.
#########.######.#..####.....#.#.
# #.# #)#..# #####...#. # ###
#g#..# ###... # #@#..# #.#. #
#g#..# #... #S#..# ########.
#g#... ......... #g##+# ###......


#gg #...... .@. ......... ... ######### # You could see Robin, Jessica (fast), 4
hobgoblins, a goblin and a ball python.

Vanquished Creatures
  An adder (D:2)
  3 ball pythons
  6 endoplasms
  A giant cockroach (D:1)
  7 goblins
  5 hobgoblins
  7 jackals
  5 kobolds
  A quokka (D:1)
  A bat (D:2)
  4 frilled lizards
  4 rats
45 creatures vanquished.

Notes
Turn   | Place    | Note
-------+----------+-------------------------------------------
     0 | D:1      | Nedwor the Troll Shapeshifter began the quest for the Orb.
     0 | D:1      | Reached XP level 1. HP: 18/18 MP: 0/0
   226 | D:1      | Found a faded altar of an unknown god.
   256 | D:1      | Reached skill level 1 in Fighting
   368 | D:1      | Reached XP level 2. HP: 27/27 MP: 1/1
   969 | D:2      | Reached XP level 3. HP: 33/33 MP: 2/2
  1159 | D:2      | Found Mugerul's Armour Boutique.
  1336 | D:2      | Noticed Robin
  1337 | D:2      | Noticed Jessica
  1358 | D:2      | HP: 1/33 [hobgoblin[Robin] (5)]
  1359 | D:2      | Slain by a hobgoblin

Illustrated notes

Levels and vault maps discovered:
D:1:      minmay_arrival_wavy_path, layout_basic,
          shapermc_ecumenical_altar_starsandcircs
D:2:      layout_basic, serial_shops, nicolae_shop_behind_doors, uniq_robin,
          uniq_crazy_yiuf_cottage, uniq_jessica

Skill      XL: |  1  2 |
---------------+-------+-----
Fighting       | 1 |  1.5
Dodging        | 2 |  2.2
Unarmed Combat | |  3.4
Shapeshifting  | |  3.3

Action                     || total
---------------------------++-------
  Melee: Unarmed           ||   104
   Stab: Distracted        ||     1
 Armour: Animal skin       ||    35
  Dodge: Dodged            ||    57
         Form:             ||     1

Table legend: (Time is in decaauts)
 A = Elapsed time spent in this place.
 B = Non-inter-level travel time spent in this place.
 C = Inter-level travel time spent in this place.
 D = Time resting spent in this place.
 E = Time spent auto-exploring this place.
 F = Levels seen in this place.
 G = Mean time per level.
                   A        B        C        D        E       F      G
               +--------+--------+--------+--------+--------+-----+--------+
         Total |   1353 |   1308 |     45 |      0 |   1075 |   2 |  676.5 |
       Dungeon |   1353 |   1308 |     45 |      0 |   1075 |   2 |  676.5 |
               +--------+--------+--------+--------+--------+-----+--------+

Top non-repeatable levels by time:
     D:1: 918 daAuts
     D:2: 435 daAuts
